 Dungeon Crawl Stone Soup version 0.30-a0-364-gf6b3ef1049 (webtiles) character file.

Game seed: 11543935253706001970

12040 Essalna the Zephyrmancer (level 11, -3/71 HPs)
             Began as a Tengu Air Elementalist on Nov 16, 2022.
             Was a Priest of Vehumet.
             Slain by a sun demon (16 damage)
             ... in a volcano.
             The game lasted 00:38:54 (14387 turns).

Essalna the Zephyrmancer (Tengu Air Elementalist)  Turns: 14387, Time: 00:38:55

Health: -3/71      AC: 11    Str:  7    XL:     11   Next: 87%
Magic:  7/16       EV: 19    Int: 19    God:    Vehumet [***...]
Gold:   715        SH:  0    Dex: 22    Spells: 4/16 levels left

rFire   . . .      SeeInvis .    k - staff of air
rCold   . . .      Faith    .    (no shield)
rNeg    + . .      Spirit   .    S - +0 troll leather armour
rPois   +          Reflect  .    (helmet restricted)
rElec   +          Harm     .    C - +2 ratskin cloak {*Rats rPois rN+ Str-1 Int-1 Dex+1}
rCorr   .          Rampage  .    M - +2 pair of gloves
Will    .....                    (boots unavailable)
Stlth   ++........               (no amulet)
HPRegen 1.11/turn                B - ring of wizardry
MPRegen 0.15/turn                r - +6 ring of dexterity

@: flying quickly and evasively, quick
A: beak, talons 3, nimble flight
a: Renounce Religion


You were in a volcano.
You worshipped Vehumet.
Vehumet was most pleased with you.
You visited 3 branches of the dungeon, and saw 15 of its levels.
You also visited: Ossuary, Ice Cave and Volcano.

You collected 715 gold pieces.

Inventory:

Hand Weapons
 b - the +4 spear "Coytas" {vorpal, rF++}
   (You took it off a gnoll bouda on level 4 of the Dungeon)

   It inflicts extra damage upon your enemies.
   rF:        It greatly protects you from fire.
 f - a +3 long sword of flaming
 y - a +2 whip of electrocution
Armour
 a - a +0 robe
 e - a +0 pair of gloves
 g - a scarf of shadows
 C - the +2 ratskin cloak (worn) {*Rats rPois rN+ Str-1 Int-1 Dex+1}
   (You found it on level 7 of the Dungeon)

   When the wearer is hurt, rats may emerge from it to assist them.
   Str:       It affects your strength (-1).
   Int:       It affects your intelligence (-1).
   Dex:       It affects your dexterity (+1).
   rPois:     It protects you from poison.
   rN:        It protects you from negative energy.
 F - a +1 cloak
 G - +1 steam dragon scales
 J - a +2 cloak
 M - a +2 pair of gloves (worn)
 Q - a +2 robe of cold resistance
 S - a +0 troll leather armour (worn)
Magical Staves
 k - a staff of air (weapon)
Jewellery
 r - a +6 ring of dexterity (right hand)
 t - an amulet of guardian spirit
 v - a ring of ice
 B - a ring of wizardry (left hand)
 D - an amulet of the acrobat
Wands
 o - a wand of paralysis (8)
 A - a wand of quicksilver (10)
 R - a wand of polymorph (8)
 V - a wand of flame (10)
Scrolls
 c - 14 scrolls of identify
 d - 2 scrolls of torment
 h - a scroll of vulnerability
 l - 6 scrolls of teleportation
 p - a scroll of enchant armour
 u - a scroll of immolation
 K - a scroll of blinking
 L - a scroll of amnesia
 O - a scroll of poison
 P - 2 scrolls of enchant weapon
 T - a scroll of noise {unknown}
Potions
 i - 4 potions of flight
 j - 2 potions of invisibility
 m - 6 potions of curing
 n - a potion of magic
 q - 2 potions of haste {unknown}
 s - 4 potions of heal wounds {unknown}
 w - 3 potions of attraction {unknown}
 x - 3 potions of cancellation {unknown}
 z - 3 potions of berserk rage {unknown}
 E - 2 potions of brilliance {unknown}
 I - 2 potions of might {unknown}
 U - 2 potions of lignification {unknown}


   Skills:
 + Level 9.6 Fighting
 + Level 6.1 Armour
 + Level 6.6 Dodging
 - Level 2.0 Stealth
 - Level 3.0 Spellcasting
 + Level 12.4 Conjurations
 + Level 13.0 Air Magic


You had 4 spell levels left.
You knew the following spells:

 Your Spells              Type           Power      Damage    Failure   Level
a - Shock                 Conj/Air       100%       1d9       1%          1
b - Static Discharge      Conj/Air       100%       2-7/arc   1%          2
c - Airstrike             Air            34%        2d(5-21)  1%          4
d - Arcjolt               Conj/Air       33%        1d43      1%          5

Your spell library contained the following spells:

 Spells                   Type           Power      Damage    Failure   Level
 Dazzling Flash           Conj/Hex       52%        N/A       1%          3
 Foxfire                  Conj/Fire      100%       2x1d9     1%          1
 Magic Dart               Conj           100%       1d8       1%          1
 Searing Ray              Conj           100%       2d8       1%          2
 Swiftness                Air            68%        N/A       1%          3
 Vhi's Electric Charge    Tloc/Air       82%        N/A       1%          3
 Flame Wave               Conj/Fire      26%        2d8       2%          4
 Fulminant Prism          Conj/Hex       13%        3d9       2%          4
 Sticky Flame             Conj/Fire      26%        2d5       2%          4
 Inner Flame              Hex/Fire       2%         N/A       8%          3
 Fireball                 Conj/Fire      13%        3d7       5%          5
 Starburst                Conj/Fire      13%        6d5       26%         6
 Maxwell's Capacitive Co  Air            34%        ∞         50%         8


Dungeon Overview and Level Annotations

Branches:
Dungeon (12/15)            Temple (1/1) D:5            Lair (2/5) D:11
Ossuary (visited)           IceCv (visited)         Volcano (1/1)
  Swamp: Lair:2-3    Shoals: Lair:2-3     Snake: Lair:2-3    Spider: Lair:2-3
    Orc: D:9-12

Altars:
Ashenzari
Cheibriados
Dithmenos
Fedhas
Gozag
Hepliaklqana
Kikubaaqudgha
Makhleb
Nemelex Xobeh
Qazlal
Ru
Sif Muna
Trog
Uskayaw
Vehumet
Wu Jian
Xom
Yredelemnul
Zin
The Shining One

Shops:
D:1 ((*(   D:7 [   D:12 :

Annotations:
D:9 2 runed translucent doors


Innate Abilities, Weirdness & Mutations

You have a beak for a mouth.
You have claws for feet.
Your magical nature lets you fly swiftly and evasively.


Message History

Your river rat barely misses the steam dragon.
Your river rat barely misses the sun demon.
The sun demon hits your river rat!!
Your river rat dies!
The steam dragon breathes steam at you. The ball of steam hits you!
* * * LOW HITPOINT WARNING * * *
You are confused.
You feel invigorated.
You are too injured to fight recklessly!
You feel less invigorated.
You feel less confused. The sun demon completely misses you.
The sun demon hits you.
You are engulfed in flames!!
A river rat scurries out from under your cloak.
Casting: Airstrike (safe; 1% risk of failure)
Confirm with . or Enter, or press ? or * to list all spells.
You feel a surge of power! Arcjolt might hit your river rat.
Cast it anyway?
Electricity surges outward!
The sun demon resists.
The sun demon is moderately wounded.
The river rat is severely wounded.
You kill the steam dragon!
Vehumet accepts your kill.
The steam dragon scales are intact enough to wear.
The sun demon misses you. The sun demon hits you!
You are engulfed in flames!
* * * LOW HITPOINT WARNING * * *
A river rat scurries out from under your cloak.
The river rat completely misses you.
Casting: Arcjolt (dangerous; 1% risk of failure)
Confirm with . or Enter, or press ? or * to list all spells.
You feel a surge of power! Arcjolt might hit your river rat.
Cast it anyway?
Electricity surges outward!
The sun demon resists.
The sun demon is moderately wounded.
You kill the river rat!
You kill your river rat!
The sun demon hits you.
* * * LOW HITPOINT WARNING * * *
You are engulfed in flames!
You die...

###########
###.........##
##.[..#...##..####
##..3###.....#....####
#..∩.@#.§§...###.....#
##...##.§§....####....
##∩###..§.....##...§.
### ###.#3.D..###§..
####....###...
##....##§§. #.3D..#§.§
##.....#§§ ##....####


You could see a sun demon.

Vanquished Creatures
  Erolcha (D:10)
  A two-headed ogre (D:11)
  Sonja (D:10)
  A sun demon (Volcano)
  A deep elf pyromancer (D:12)
  Pikel (D:6)
  2 oklob plants (D:11)
  An ugly thing (IceCv)
  2 smoke demons (Volcano)
  A rime drake (Lair:2)
  Maggie (D:7)
  2 trolls (D:10)
  A wyvern (D:11)
  Sigmund (D:5)
  6 yaks (D:8)
  4 steam dragons
  3 vampire mosquitoes
  2 death yak simulacra (IceCv)
  A hell hound (Volcano)
  An acid dragon (D:9)
  2 water moccasins (D:7)
  Duvessa (D:6)
  4 ice beasts
  2 orc warriors
  A sky beast (D:8)
  2 black bears
  5 ogres
  3 centaurs
  A lemure (D:6)
  Blork the orc (D:6)
  An elf zombie (Ossuary)
  4 bullfrogs
  4 wights (D:9)
  Dowan (D:6)
  An elephant simulacrum (IceCv)
  A howler monkey (D:12)
  A gnoll bouda (D:4)
  6 orc priests
  3 hounds
  2 jellies (D:6)
  An iguana (D:5)
  A human zombie (Ossuary)
  11 orc wizards
  3 polar bear simulacra (IceCv)
  A wolf simulacrum (IceCv)
  3 mummies (Ossuary)
  Robin (D:3)
  7 adders
  3 gnolls (D:4)
  14 white imps
  An ufetubus (D:7)
  3 adder zombies (Ossuary)
  3 dart slugs
  35 orcs
  4 bats
  5 endoplasms
  4 giant cockroaches
  10 hobgoblins
  7 quokkas
  7 ball pythons
  3 frilled lizards
  A gnoll zombie (Ossuary)
  8 goblins
  3 goblin zombies (Ossuary)
  A hobgoblin zombie (Ossuary)
  6 kobolds
  4 kobold zombies (Ossuary)
  2 quokka zombies (Ossuary)
  4 rats (D:1)
  2 rat zombies (Ossuary)
238 creatures vanquished.

Vanquished Creatures (others)
  A fungus (Lair:1)
  37 plants
38 creatures vanquished.

Grand Total: 276 creatures vanquished

Notes
Turn   | Place    | Note
-------+----------+-------------------------------------------
     0 | D:1      | Essalna the Tengu Air Elementalist began the quest for the
                  | Orb.
     0 | D:1      | Reached XP level 1. HP: 10/10 MP: 4/4
    82 | D:1      | Found Biopiara's Antique Weapon Boutique.
   169 | D:1      | Found Neiwil's General Store.
   266 | D:1      | Found Intutas's Antique Weapon Emporium.
   271 | D:1      | Reached XP level 2. HP: 16/16 MP: 6/6
   334 | D:2      | Found a hazy altar of Hepliaklqana.
   348 | D:1      | Reached skill level 1 in Fighting
   533 | D:1      | Reached XP level 3. HP: 19/20 MP: 7/7
   876 | D:1      | Found Noimp's Weapon Shop.
   997 | D:2      | HP: 1/20 [hobgoblin (4)]
  1143 | D:2      | Reached XP level 4. HP: 4/26 MP: 0/8
  1291 | D:2      | Reached skill level 5 in Air Magic
  1307 | D:2      | Found a faded altar of an unknown god.
  1670 | D:3      | Found an opulent altar of Gozag.
  1910 | D:3      | Noticed Robin
  1924 | D:3      | Killed Robin
  2245 | D:3      | Found an ancient bone altar of Kikubaaqudgha.
  2563 | D:4      | Gained mutation: Your magical nature lets you fly swiftly
                  | and evasively. [Tengu growth]
  2563 | D:4      | Reached XP level 5. HP: 27/31 MP: 1/9
  2710 | D:4      | Learned a level 2 spell: Static Discharge
  2715 | D:4      | Learned a level 4 spell: Airstrike
  2999 | D:4      | Reached XP level 6. HP: 27/37 MP: 1/10
  3434 | D:4      | Identified the +4 spear "Coytas" {vorpal, rF++}
  3439 | D:4      | Reached skill level 6 in Air Magic
  3443 | D:4      | Reached skill level 5 in Conjurations
  3760 | D:5      | Entered Level 5 of the Dungeon
  3811 | D:5      | Noticed Sigmund
  3831 | D:5      | Killed Sigmund
  3832 | D:5      | Reached XP level 7. HP: 27/43 MP: 0/11
  3943 | D:5      | Found a sparkling altar of Nemelex Xobeh.
  3956 | D:5      | Reached skill level 7 in Air Magic
  4064 | D:5      | Identified a scroll of acquirement
  4064 | D:5      | Acquired a staff of air
  4503 | D:5      | Found a shimmering blue altar of Sif Muna.
  4672 | D:5      | Reached XP level 8. HP: 31/48 MP: 2/13
  4763 | D:5      | Learned a level 5 spell: Arcjolt
  4882 | D:5      | Found a staircase to the Ecumenical Temple.
  4886 | Temple   | Entered the Ecumenical Temple
  5262 | D:5      | Reached skill level 5 in Fighting
  5374 | D:5      | Reached skill level 8 in Air Magic
  5650 | D:7      | HP: 2/50 [poisoned by a water moccasin]
  6104 | D:6      | Reached skill level 9 in Air Magic
  6452 | D:6      | Noticed Pikel
  6461 | D:6      | Killed Pikel
  6462 | D:6      | Reached XP level 9. HP: 56/56 MP: 5/14
  6613 | D:6      | Noticed Duvessa
  6674 | D:6      | Noticed Dowan
  6681 | D:6      | Killed Duvessa
  6758 | D:6      | Killed Dowan
  6943 | D:6      | Reached skill level 10 in Air Magic
  7036 | D:6      | Noticed Blork the orc
  7042 | D:6      | Killed Blork the orc
  7346 | D:7      | Found a snail-covered altar of Cheibriados.
  7348 | D:7      | Found Cheibriados's Comfort Zone.
  7492 | D:7      | Noticed Maggie
  7700 | D:7      | Found the +2 ratskin cloak {*Rats rPois rN+ Str-1 Int-1
                  | Dex+1}
  7806 | D:7      | Found a radiant altar of Vehumet.
  7815 | D:7      | Became a worshipper of Vehumet
  8041 | D:7      | Killed Maggie
  8042 | D:7      | Reached skill level 10 in Conjurations
  8623 | D:8      | Found a sand-covered staircase.
  8628 | Ossuary  | Entered an ossuary
  8900 | Ossuary  | Reached * piety under Vehumet
  8900 | Ossuary  | Offered knowledge of Sandblast by Vehumet.
  9005 | Ossuary  | Reached XP level 10. HP: 62/64 MP: 2/15
  9218 | D:8      | Reached skill level 1 in Armour
  9230 | D:8      | Reached skill level 11 in Air Magic
 10021 | D:8      | Reached ** piety under Vehumet
 10378 | D:9      | Found a broken altar of Ashenzari.
 10723 | D:9      | Offered knowledge of Poisonous Vapours by Vehumet.
 10855 | D:9      | Noticed a naga warrior
 10858 | D:9      | Found a large runed translucent door.
 10930 | D:9      | Found a large runed translucent door.
 10934 | D:9      | Noticed a centaur warrior
 11259 | D:10     | Entered Level 10 of the Dungeon
 11267 | D:10     | Found a blossoming altar of Fedhas.
 11296 | D:10     | Noticed Sonja
 11302 | D:10     | Killed Sonja
 11552 | D:10     | Noticed Erolcha
 11567 | D:10     | Killed Erolcha
 11568 | D:10     | Reached skill level 5 in Dodging
 11568 | D:10     | Reached skill level 12 in Air Magic
 11568 | D:10     | Reached XP level 11. HP: 43/69 MP: 1/16
 11788 | D:11     | Found a frozen archway.
 11809 | D:11     | Noticed a two-headed ogre
 11910 | D:11     | Noticed a two-headed ogre
 11957 | IceCv    | Entered an ice cave
 12031 | IceCv    | Offered knowledge of Dazzling Flash by Vehumet.
 12184 | IceCv    | Noticed a white ugly thing
 12208 | IceCv    | Killed a white ugly thing
 12416 | IceCv    | Noticed a white ugly thing
 12512 | D:11     | Reached skill level 5 in Armour
 12716 | D:11     | Killed a two-headed ogre
 12920 | D:11     | Noticed an oklob plant
 12928 | D:11     | Noticed an oklob plant
 13170 | D:11     | Found a staircase to the Lair.
 13175 | D:11     | Killed an oklob plant
 13585 | D:11     | Killed an oklob plant
 13687 | D:12     | Found Xomyuw's Book Shoppe.
 13753 | D:12     | Noticed a deep elf pyromancer
 13764 | D:12     | Killed a deep elf pyromancer
 13881 | Lair:1   | Entered Level 1 of the Lair of Beasts
 13913 | Lair:1   | Noticed a six-headed hydra
 13917 | Lair:1   | Reached *** piety under Vehumet
 14014 | Lair:1   | Found a dark tunnel.
 14023 | Volcano  | Entered a volcano
 14230 | Volcano  | Noticed a sun demon
 14232 | Volcano  | Killed a sun demon
 14357 | Volcano  | Reached skill level 13 in Air Magic
 14357 | Volcano  | Noticed a sun demon
 14387 | Volcano  | Slain by a sun demon

Illustrated notes

Levels and vault maps discovered:
D:1:      elethiomel_arrival_quiet, layout_loops_ring, serial_shops,
          nicolae_shop_bloodbath_and_beyond, nicolae_diamond_shop,
          nicolae_shop_hallway_plus, shop_fountains
D:2:      layout_rooms, basic_altar, hellmonk_ecumenical_altar_run_dry
D:3:      layout_basic, mainiacjoe_overflow_surrounded_room,
          mainiacjoe_overflow_small_starburst, uniq_robin
D:4:      layout_rooms, serial_bayou_lake_a
D:5:      layout_loops_corners, mainiacjoe_overflow_boulevard,
          nemelex_dance_club_becter, temple_hall_moat, uniq_sigmund
D:6:      layout_loops_corners, chequers_serial_rivers_large_b, uniq_duvessa,
          uniq_pikel, uniq_blork_the_orc
D:7:      layout_basic, vehumet_crystals, minmay_shop_chei, uniq_maggie
D:8:      layout_cave_pools, enter_ossuary_1
D:9:      okawaru_arena_lexackson, layout_loops_ring, kennysheep_mini_moat
D:10:     layout_cave_pools, old_standard_altar, okawaru_gym_becter,
          mainiacjoe_overflow_brackets, serial_bayou_pond_e, minivault_16,
          minmay_holes, minivault_23, uniq_sonja, uniq_erica, uniq_erolcha
D:11:     layout_rooms, dpeg_oklobed_lair, portal_ice_cave_entry_imps
D:12:     layout_roguey, orc_0_dummy, serial_shops, shop_statue,
          lemuel_flame_loot_1
Temple:   nicolae_temple_figure_eight
Lair:1:   layout_loops_ring, lightli_volcano_entry_magma_tube, st_stairs_13,
          hellmonk_guarded_unrand_vines
Lair:2:   layout_regular_city, elwin_shoals_entry_rocks,
          nicolae_spider_entry_tight_spaces, grunt_megastairs_1
Volcano:  hellmonk_smoking_crater

Skill      XL: |  1  2  3  4  5  6  7  8  9 10 11 |
---------------+----------------------------------+-----
Fighting       | 1 2 3 4 6 7 8 9 |  9.6
Conjurations   | 2 3 4 5 6 8 10 11 12 | 12.4
Air Magic      | 5 6 7 9 10 12 13 | 13.0
Spellcasting   | 3 |  3.0
Armour         | 4 6 |  6.1
Dodging        | 5 6 |  6.6
Stealth        | |  2.0

Action                   |  1- 3 |  4- 6 |  7- 9 | 10-12 || total
-------------------------+-------+-------+-------+-------++-------
Melee: Long sword        |    45 |    14 |       |    18 ||    77
       Kick              |    15 |     1 |    11 |    25 ||    52
       Peck              |     5 |     3 |     2 |    14 ||    24
       Spear             |       |     4 |    12 |     8 ||    24
       Punch             |       |     1 |       |       ||     1
       Staff             |       |       |    21 |    47 ||    68
 Cast: Shock             |    26 |   113 |   159 |   152 ||   450
       Static Discharge  |       |     8 |    40 |    11 ||    59
       Arcjolt           |       |       |     4 |    29 ||    33
       Airstrike         |       |       |       |    59 ||    59
Evoke: Wand              |       |       |     1 |     9 ||    10
  Use: Scroll            |       |    10 |     4 |     8 ||    22
       Potion            |       |     3 |     1 |     1 ||     5
 Stab: Sleeping          |     6 |     1 |       |       ||     7
Armor: Robe              |    20 |     3 |     9 |     9 ||    41
       Steam dragon scal |       |       |     7 |    28 ||    35
       Troll leather arm |       |       |       |    21 ||    21
Dodge: Dodged            |    52 |    27 |    59 |   144 ||   282

Table legend: (Time is in decaauts)
 A = Elapsed time spent in this place.
 B = Non-inter-level travel time spent in this place.
 C = Inter-level travel time spent in this place.
 D = Time resting spent in this place.
 E = Time spent auto-exploring this place.
 F = Levels seen in this place.
 G = Mean time per level.
                   A        B        C        D        E       F      G
               +--------+--------+--------+--------+--------+-----+--------+
         Total |  13874 |  13292 |    582 |    728 |  10442 |  18 |  770.8 |
       Dungeon |  12103 |  11577 |    526 |    728 |   9250 |  12 | 1008.6 |
        Temple |    196 |    188 |      8 |      0 |    183 |   1 |  196.0 |
          Lair |    131 |     84 |     47 |      0 |      0 |   2 |   65.5 |
       Ossuary |    582 |    582 |      0 |      0 |    469 |   1 |  582.0 |
      Ice Cave |    510 |    510 |      0 |      0 |    291 |   1 |  510.0 |
       Volcano |    349 |    349 |      0 |      0 |    247 |   1 |  349.0 |
               +--------+--------+--------+--------+--------+-----+--------+

Top non-repeatable levels by time:
     D:5: 1569 daAuts
     D:7: 1515 daAuts
    D:11: 1395 daAuts
     D:6: 1393 daAuts
     D:4: 1157 daAuts
     D:8: 1022 daAuts
     D:1: 948 daAuts
     D:9: 945 daAuts
     D:3: 895 daAuts
     D:2: 730 daAuts
 Ossuary: 582 daAuts
   IceCv: 510 daAuts
    D:10: 465 daAuts
 Volcano: 349 daAuts
  Temple: 196 daAuts
